 Dungeon Crawl Stone Soup version 0.22-a0-479-gc6e99f3 (webtiles) character file.

287 KristoblXynda the Ruffian (level 6, -2/53 HPs)
             Began as a Troll Wizard on June 14, 2018.
             Was a Follower of Ashenzari.
             Killed from afar by a white imp (10 damage)
             ... with a puff of frost
             ... summoned by Natasha
             ... on level 4 of the Dungeon.
             The game lasted 00:04:59 (2203 turns).

KristoblXynda the Ruffian (Troll Wizard)            Turns: 2203, Time: 00:05:00

Health: -2/53      AC:  5    Str: 16    XL:     6   Next: 8%
Magic:  17/17      EV:  9    Int: 16    God:    Ashenzari [*.....]
Gold:   214        SH:  0    Dex:  8    Spells: 5/9 levels left

rFire    . . .     SeeInvis .     - Unarmed
rCold    . . .     Gourm    +   (no shield)
rNeg     . . .     Faith    .   a - +0 robe
rPois    .         Spirit   .   b - +0 hat
rElec    .         Reflect  .   (no cloak)
rCorr    .         Harm     .   (gloves unavailable)
MR       .....                  (boots unavailable)
Stlth    +.........             (no amulet)
HPRegen  0.57/turn              j - ring of magical power (curse)
MPRegen  0.15/turn              (no ring)

@: no status effects
A: large, unfitting armour, claws 3, fast metabolism 3, gourmand, regeneration
1, shaggy fur 1, tough skin 2
a: Curse Item, Scrying, Renounce Religion


You were on level 4 of the Dungeon.
You worshipped Ashenzari.
Ashenzari was aware of your devotion.
You were completely stuffed.

You visited 1 branch of the dungeon, and saw 4 of its levels.

You collected 214 gold pieces.

Inventory:

Armour
 a - a +0 robe (worn)
 b - a +0 hat (worn)
Jewellery
 j - a cursed ring of magical power (left claw)
Scrolls
 c - 4 scrolls of identify {unknown}
 e - 2 scrolls of immolation {unknown}
 f - a scroll of magic mapping {unknown}
 i - a scroll of fog {unknown}
 l - a scroll of enchant armour {unknown}
 o - a scroll of amnesia {unknown}
Potions
 g - 2 potions of heal wounds {unknown}
 h - 2 potions of ambrosia {unknown}
 k - 2 potions of agility {unknown}
 m - a potion of flight {unknown}
 n - a potion of brilliance {unknown}
Comestibles
 d - 9 rations


   Skills:
 - Level 1.5 Dodging
 - Level 1.0 Stealth
 * Level 4.1 Unarmed Combat
 - Level 2.0 Spellcasting
 * Level 3.2 Conjurations
   Level 0.6 Summonings
   Level 0.6 Translocations


You had 5 spell levels left.
You knew the following spells:

 Your Spells              Type           Power        Failure   Level  Hunger
a - Magic Dart            Conj           ##..         5%          1    #......
b - Mephitic Cloud        Conj/Pois/Air  #.......     36%         3    ###....

Your spell library contained the following spells:

 Spells                   Type           Power        Failure   Level  Hunger
 Conjure Flame            Conj/Fire      #.......     32%         3    ###....
 Slow                     Hex            #.......     30%         2    ###....
 Blink                    Tloc           N/A          24%         2    ###....
 Call Imp                 Summ           #.......     24%         2    ###....


Dungeon Overview and Level Annotations

Branches:
Dungeon (4/15)
 Temple: D:4-7

Altars:
Ashenzari
Ru
The Shining One

Annotations:
D:4 Natasha


Innate Abilities, Weirdness & Mutations

You are too large for most types of armour.
You have claws for hands.
Your metabolism is lightning-fast.
You like to eat raw meat.
Your natural rate of healing is unusually fast.
You are covered in fur. (AC +1)
You have very tough skin. (AC +2)


Message History

Natasha extends her claws.
Natasha closely misses you.
You barely miss Natasha.
Natasha is almost dead.
The white imp gestures at you. The puff of frost hits you!
* * * LOW HITPOINT WARNING * * *
You closely miss Natasha.
Natasha is almost dead.
Natasha extends her claws.
Natasha casts a spell at you. You resist with some effort.
The white imp hits you.
* * * LOW HITPOINT WARNING * * *
The white imp freezes you.
* * * LOW HITPOINT WARNING * * *
Natasha mumbles some strange words.
The white imp shouts, "Run away, thou pribbling limp-willed jarkman!"
The white imp gestures at you. The puff of frost hits you!
You die...

#. (. #. #.
#. #. #. # #.
#.#####.##
#.##.h.5.....
#..##........
.######.##5#
........@..#
#######.####
#.# #.#
#######.#
........#
######..#####
.# #......#
#.. ##.###.#


You could see a crimson imp and a white imp.

Vanquished Creatures
  The ghost of iamserjio the Sneak, a weakling GnAs (D:3)
  A quasit (D:2)
  A hound (D:4)
  Natasha (twice) (D:4)
  2 adders
  3 gnolls
  2 oozes
  A worm (D:2)
  2 dart slugs (D:1)
  A leopard gecko (D:1)
  9 orcs
  5 giant cockroaches
  A goblin (D:2)
  6 hobgoblins
  7 jackals
  10 kobolds
  A ball python (D:3)
  8 bats
  A frilled lizard (D:2)
  5 rats
69 creatures vanquished.

Notes
Turn   | Place    | Note
-------+----------+-------------------------------------------
     0 | D:1      | KristoblXynda the Troll Wizard began the quest for the Orb.
     0 | D:1      | Reached XP level 1. HP: 16/16 MP: 2/2
   122 | D:1      | Reached skill level 1 in Conjurations
   188 | D:1      | Reached skill level 1 in Unarmed Combat
   188 | D:1      | Reached XP level 2. HP: 24/24 MP: 4/4
   513 | D:2      | Reached XP level 3. HP: 28/31 MP: 5/5
   538 | D:2      | Reached skill level 2 in Unarmed Combat
   641 | D:2      | Found a shattered altar of Ashenzari.
   644 | D:2      | Became a worshipper of Ashenzari the Shackled
   724 | D:2      | Reached XP level 4. HP: 31/39 MP: 6/6
   742 | D:2      | Learned a level 3 spell: Mephitic Cloud
   919 | D:2      | Reached skill level 3 in Unarmed Combat
  1025 | D:2      | Found a sacrificial altar of Ru.
  1243 | D:3      | Found a glowing golden altar of the Shining One.
  1282 | D:3      | Reached XP level 5. HP: 29/45 MP: 7/7
  1573 | D:3      | Noticed iamserjio's ghost (weakling GnAs)
  1588 | D:3      | Killed iamserjio's ghost
  1709 | D:3      | Reached * piety under Ashenzari
  2037 | D:4      | Noticed Natasha
  2048 | D:4      | Killed Natasha
  2122 | D:4      | Noticed Natasha
  2138 | D:4      | Reached skill level 4 in Unarmed Combat
  2143 | D:4      | Killed Natasha
  2143 | D:4      | Reached XP level 6. HP: 39/53 MP: 8/8
  2177 | D:4      | Noticed Natasha
  2203 | D:4      | Killed from afar by a white imp

Vault maps used:
D:1:      lemuel_arrival_broad_hall, serial_bayou_pond_c
D:2:      lemuel_doored_altar, nicolae_ru_path_of_blood
D:3:      overflow_temple_1_default, first_ration
D:4:      lemuel_round_altar, uniq_natasha

Skill      XL: |  1  2  3  4  5 |
---------------+----------------+-----
Conjurations   | 1 2 3 |  3.2
Unarmed Combat | 1 2 3 4 |  4.1
Dodging        | |  1.5
Stealth        | |  1.0
Spellcasting   | |  2.0
Summonings     | |  0.6
Translocations | |  0.6

Action                   |  1- 3 |  4- 6 || total
-------------------------+-------+-------++-------
Melee: Unarmed           |   121 |   124 ||   245
 Cast: Mephitic Cloud    |       |     1 ||     1
       Magic Dart        |       |    14 ||    14
Invok: Curse Item        |     1 |       ||     1
  Eat: Chunk             |    12 |    14 ||    26
Armor: Robe              |    96 |    60 ||   156
Dodge: Dodged            |    94 |    83 ||   177

Table legend:
 A = Spawn XP
 B = Non-spawn XP
 C = Spawn XP percentage of total XP
 D = Spawn monster count
 E = Non-spawn monster count
 F = Spawn count percentage of total count
 G = Total turns spent on level
                    A         B        C        D         E        F      G
               +---------+---------+-------+---------+---------+-------+---------
         Total |       0 |     411 |   0.0 |       0 |      69 |   0.0 |  2203
               +---------+---------+-------+---------+---------+-------+---------
           D:1 |       0 |      48 |   0.0 |       0 |      20 |   0.0 |   544
           D:2 |       0 |     119 |   0.0 |       0 |      20 |   0.0 |   655
           D:3 |       0 |     113 |   0.0 |       0 |      20 |   0.0 |   773
           D:4 |       0 |     131 |   0.0 |       0 |       9 |   0.0 |   231
               +---------+---------+-------+---------+---------+-------+---------
